 Dungeon Crawl Stone Soup version 0.28-a0-105-g49a0850c41 (webtiles) character file.

Game seed: 12141129168215152959

48 pokeman the Magician (level 3, -8/20 HPs)
             Began as a Deep Elf Hedge Wizard on Aug 12, 2021.
             Mangled by Sigmund (11 damage)
             ... on level 2 of the Dungeon.
             The game lasted 00:02:58 (1462 turns).

pokeman the Magician (Deep Elf Hedge Wizard)        Turns: 1462, Time: 00:02:59

Health: -8/20      AC:  3    Str:  7    XL:     3   Next: 50%
Magic:  3/11       EV: 11    Int: 19    God:
Gold:   10         SH:  0    Dex: 14    Spells: 1/12 levels left

rFire   . . .      SeeInvis .   d - +0 dagger (venom)
rCold   . . .      Faith    .   (no shield)
rNeg    . . .      Spirit   .   f - +0 leather armour
rPois   .          Reflect  .   c - +0 hat
rElec   .          Harm     .   (no cloak)
rCorr   .          Rampage  .   (no gloves)
Will    .....                   (no boots)
Stlth   +.........              (no amulet)
HPRegen 0.06/turn               (no ring)
MPRegen 0.12/turn               (no ring)

@: confused
A: no striking features
a: no special abilities


You were on level 2 of the Dungeon.
You visited 1 branch of the dungeon, and saw 2 of its levels.

You collected 10 gold pieces.

Inventory:

Hand Weapons
 d - a +0 dagger of venom (weapon)
Armour
 c - a +0 hat (worn)
 f - a +0 leather armour (worn)
Scrolls
 a - a scroll of teleportation {unknown}
Potions
 b - 3 potions of curing {unknown}
 e - a potion of mutation {unknown}
 g - a potion of attraction {unknown}


   Skills:
 - Level 1.0 Fighting
 + Level 0.9 Armour
 + Level 2.4 Dodging
 - Level 2.4 Stealth
 * Level 5.3 Spellcasting
 + Level 1.9 Conjurations
 - Level 1.1 Summonings
 - Level 1.1 Translocations


You had one spell level left.
You knew the following spells:

 Your Spells              Type           Power      Damage    Failure   Level
a - Magic Dart            Conj           48%        1d5       8%          1
b - Mephitic Cloud        Conj/Pois/Air  7%         N/A       38%         3
c - Call Imp              Summ           9%         N/A       17%         2
d - Blink                 Tloc           N/A        N/A       17%         2
e - Conjure Flame         Conj/Fire      8%         6-21      34%         3

Your spell library contained the following spells:

 Spells                   Type           Power      Damage    Failure   Level
 Slow                     Hex            5%         N/A       26%         2


Dungeon Overview and Level Annotations

Branches:
Dungeon (2/15)

Altars:

Annotations:
D:2 Sigmund


Message History

Aim: Sigmund, wielding a +0 scythe and wearing a +0 robe (lightly wounded, chance to affect: 86%)
The ball explodes into a vile cloud!
The stinking cloud engulfs Sigmund but does no damage.
Sigmund is lightly wounded.
Unknown command.
Sigmund is engulfed in noxious fumes.
Sigmund appears confused.
Sigmund asks, "Where am I?"
A frilled lizard comes into view.
Casting: Mephitic Cloud (potentially lethal; 38% risk of failure)
Confirm with . or Enter, or press ? or * to list all spells.
Aiming: Magic Dart (safe; 8% risk of failure)
Press: ? - help, Shift-Dir - straight line, f - frilled lizard
Aim: a frilled lizard (100% to hit)
The magic dart hits the frilled lizard.
You kill the frilled lizard!
Unknown command.
Casting: Magic Dart (safe; 8% risk of failure)
Confirm with . or Enter, or press ? or * to list all spells.
The spell is potentially lethal to cast (34% risk of failure)!
Continue anyway?
The fire begins to smoulder!
Sigmund closely misses you.
The fire ignites!
Sigmund seems less confused.
Sigmund mumbles some strange words.
Sigmund flickers and vanishes!
Deactivating autopickup; reactivate with Ctrl-A.
You hear some strange, mumbled words.
You are confused.
A rat comes into view.
Something barely misses you.
You bump into the rock wall.
You hear some strange, mumbled words.
You are more confused.
A rat comes into view.
You bump into the rock wall.
Something hits you.
You're too confused to move!
Something hits you!
Ouch! That really hurt!
* * * LOW HITPOINT WARNING * * *
You bump into the rock wall.
Something hits you!
Ouch! That really hurt!
You die...

. #. . .#. .# .#.##
.# .....#.. #.#..#.
#.#..†... #.##.#..#
#.##@#.. #.##.#..
#.##.#.# ###.
#†##r#.#
....#######.##r#.#
#..#............#
#.#..#.#####.##.###
#.#.......##.##.#
............#....#


You could see 2 rats.

Vanquished Creatures
  An adder (D:2)
  A dart slug (D:1)
  3 bats (D:1)
  An endoplasm (D:1)
  A giant cockroach (D:1)
  3 goblins (D:1)
  3 hobgoblins (D:1)
  6 jackals
  3 kobolds (D:1)
  3 quokkas (D:1)
  4 ball pythons
  A frilled lizard (D:2)
  2 rats (D:1)
32 creatures vanquished.

Notes
Turn   | Place    | Note
-------+----------+-------------------------------------------
     0 | D:1      | pokeman the Deep Elf Hedge Wizard began the quest for the
                  | Orb.
     0 | D:1      | Reached XP level 1. HP: 10/10 MP: 7/7
   320 | D:1      | Reached XP level 2. HP: 16/16 MP: 3/9
   797 | D:1      | Reached skill level 5 in Spellcasting
   799 | D:1      | Found a faded altar of an unknown god.
   955 | D:1      | Reached XP level 3. HP: 20/20 MP: 7/11
   959 | D:1      | Learned a level 3 spell: Mephitic Cloud
   962 | D:1      | Learned a level 2 spell: Call Imp
   965 | D:1      | Learned a level 2 spell: Blink
   969 | D:1      | Learned a level 3 spell: Conjure Flame
  1381 | D:2      | Reached skill level 1 in Fighting
  1430 | D:2      | Noticed Sigmund
  1462 | D:2      | Mangled by Sigmund

Illustrated notes

Levels and vault maps discovered:
D:1:      wheals_arrival_linesprint, layout_basic,
          ebering_ecumenical_altar_abandoned
D:2:      layout_loops_ring, minmay_quadrilaterals, uniq_sigmund

Skill      XL: |  1  2  3 |
---------------+----------+-----
Spellcasting   | 5 |  5.3
Fighting       | 1 |  1.0
Armour         | |  0.9
Dodging        | |  2.4
Stealth        | |  2.4
Conjurations   | |  1.9
Summonings     | |  1.1
Translocations | |  1.1

Action                   || total
-------------------------++-------
Melee: Dagger            ||    33
 Cast: Magic Dart        ||    69
       Conjure Flame     ||     2
       Mephitic Cloud    ||     1
Armor: Robe              ||     5
       Leather armour    ||     6
Dodge: Dodged            ||    33

Table legend: (Time is in decaauts)
 A = Elapsed time spent in this place.
 B = Non-inter-level travel time spent in this place.
 C = Inter-level travel time spent in this place.
 D = Time resting spent in this place.
 E = Time spent auto-exploring this place.
 F = Levels seen in this place.
 G = Mean time per level.
                   A        B        C        D        E       F      G
               +--------+--------+--------+--------+--------+-----+--------+
         Total |   1461 |   1447 |     14 |     63 |   1172 |   2 |  730.5 |
       Dungeon |   1461 |   1447 |     14 |     63 |   1172 |   2 |  730.5 |
               +--------+--------+--------+--------+--------+-----+--------+

Top non-repeatable levels by time:
     D:1: 1292 daAuts
     D:2: 168 daAuts
